Cogmind - Beta 16.1 @@@ ROGUE MODE // 2026.05.03 @ 21:42:35 Player: SunShine214 Result: Destroyed by G-47 Trooper with Particle Gun Performance ------------- Evolutions (2) 1000 Regions Visited (3) 600 Robots Destroyed (46) 230 Value Destroyed (1123) 1123 Prototype IDs (2) 40 Alien Tech Used (0) 0 Bonus (0) 0 TOTAL SCORE: 2993 Bonus ------- None Cogmind --------- Core Integrity 0/550 Matter 38/300 Energy 74/100 System Corruption 1% Temperature Cool (9) Movement Core (50) Location -8/Materials Parts ------- > --- POWER (1) -------- (None) > --- PROPULSION (3) --- (None) > --- UTILITY (4) ------ (None) > --- WEAPON (3) ------- (None) > --- INVENTORY (5) ---- 1B-0RG's Assimilator Peak State ------------ > --- POWER ------------ Light Deuterium Engine > --- PROPULSION ------- Compact Wheel Subdweller Monowheel Improved VTOL Module > --- UTILITY ---------- Large Storage Unit Machine Analyzer Signal Interpreter Hacking Suite Rainbow Chip > --- WEAPON ----------- Particle Cannon High-powered Shotgun Battle Cannon > --- INVENTORY -------- Large Storage Unit Sensor Array Medium Armor Plating Hardened Medium Armor Plating Particle Gun Particle Gun Missile Launcher 1B-0RG's Assimilator Mining Laser Mining Claw [Rating: 46] Favorites ----------- Power Ion Engine Engine Ion Engine Propulsion Light Treads Treads Light Treads Leg Aluminum Leg Wheel Compact Wheel Hover Unit Airjet Flight Unit Improved VTOL Module Utility Large Storage Unit Device Seismic Detector Storage Large Storage Unit Processor Machine Analyzer Hackware Hacking Suite Weapon Small Laser Energy Gun Small Laser Energy Cannon Particle Cannon Ballistic Gun High-powered Shotgun Ballistic Cannon Battle Cannon Launcher Missile Launcher Slashing Weapon Mining Claw Build | -11 -10 -10 -8 ------- Run | Yrd Mat Sub Mat Slots Evolved 4 | . . . 4 Power . | . . . . Propulsion 1 | . . . 1 Utility 2 | . . . 2 Weapon 1 | . . . 1 Parts Attached 35 | 7 6 3 19 Power 3 | 1 . . 2 Engine 3 | 1 . . 2 Core . | . . . . Reactor . | . . . . Propulsion 10 | 2 . 2 6 Treads 2 | 2 . . . Leg 2 | . . . 2 Wheel 2 | . . 2 . Hover 3 | . . . 3 Flight 1 | . . . 1 Utility 10 | 2 2 . 6 Device 3 | 1 1 . 1 Storage 3 | 1 1 . 1 Processor 3 | . . . 3 Hackware 1 | . . . 1 Protection . | . . . . Artifact . | . . . . Weapon 12 | 2 4 1 5 Energy Gun 5 | 2 3 . . Energy Cannon 1 | . . . 1 Ballistic Gun 1 | . . . 1 Ballistic Cannon 1 | . . 1 . Launcher 3 | . . . 3 Special Weapon . | . . . . Impact Weapon . | . . . . Slashing Weapon 1 | . 1 . . Piercing Weapon . | . . . . Special Melee Weapon . | . . . . Unidentified Prototypes 2 | . . . 2 Parts Lost 20 | . 1 5 14 Power 2 | . . 1 1 Propulsion 7 | . . 2 5 Utility 3 | . . 1 2 Weapon 8 | . 1 1 6 Highest Loss Streak 5 | . 1 5 4 To Critical Strikes 1 | . . 1 . Average Backups 7 | . 6 13 9 Power . | . . . . Propulsion 1 | . 2 2 . Utility 2 | . 2 5 3 Weapon 2 | . 1 5 4 Tool/Special . | . . . . Unused Backups 8 | . . 3 5 Power . | . . . . Propulsion 2 | . . 2 . Utility 2 | . . 1 1 Weapon 3 | . . . 3 Tool/Special 1 | . . . 1 Average Slot Usage (%) 87 | . 95 96 62 Engine 10 | . 14 12 1 Treads 20 | . 28 25 . Leg 1 | . . . 4 Wheel 1 | . . 1 5 Flight 1 | . . . 5 Device 8 | . 9 13 . Storage 12 | . 14 14 6 Processor 4 | . . . 16 Hackware 1 | . . . 4 Energy Gun 16 | . 23 16 . Ballistic Cannon 2 | . . 11 2 Slashing Weapon 2 | . 4 . . Peak Build Rating 46 | 7 11 18 46 Average Rating 14 | 5 6 13 36 On Entrance 8 | . 7 11 15 Avg Prop Armor Cover (%) 1 | . . . 1 Naked Turns 6 | . . . 6 Heaviest Build 42 | 14 32 32 42 Greatest Support 40 | 40 40 40 36 Greatest Overweight (x) 6 | . . 1 6 Average Overweight (x) . | . . . . Largest Inventory Capacity 15 | 8 15 15 15 Average Capacity 14 | 7 14 15 14 Most Carried 15 | 1 15 15 15 Average Carried 8 | . 6 14 13 Final Capacity 15 | 8 15 15 5 Final Carried 15 | 1 15 14 5 Class Distribution -------------------- 89% | Mutant 10% | Skirmisher Dominant Class ---------------- Mutant | -10/Materials Mutant | -10/Subcaves Skirmisher | -8/Materials Resources | -11 -10 -10 -8 ----------- Run | Yrd Mat Sub Mat Matter Collected 636 | 270 40 145 181 Remotely . | . . . . Salvage Created 1151 | 150 590 66 345 Parts 85 | 8 51 6 20 Haulers Intercepted 1 | . 1 . . Recyclers Shooed 1 | 1 . . . Parts Field Recycled . | . . . . Retrieved Matter . | . . . . Parts Self-Destructed 11 | . . 11 . Prevented . | . . . . Parts Restored . | . . . . Kills | -11 -10 -10 -8 ------- Run | Yrd Mat Sub Mat Combat Hostiles Destroyed 31 | . 15 5 11 Guns 21 | . 15 3 3 Cannons 3 | . . 2 1 AOE 7 | . . . 7 Classes Destroyed 13 | 2 5 1 5 Builder 1 | . . . 1 Tunneler 7 | 3 4 . . Hauler 1 | . 1 . . Recycler 1 | 1 . . . Operator 3 | . 2 . 1 Watcher 2 | . 1 . 1 Swarmer 13 | . 9 4 . Grunt 12 | . 6 . 6 Sentry 1 | . . . 1 Specialist 1 | . . . 1 Hunter 2 | . . . 2 Heavy 1 | . . . 1 Subdweller 1 | . . 1 . Best Kill Streak 6 | 3 6 4 5 Combat Bots Only 5 | . 5 4 4 Max Kills in Single Turn 2 | 1 1 1 2 Gunslinging . | . . . . Exploded 2 | . . . 2 Melee . | . . . . Uniques/NPCs Destroyed . | . . . . Combat | -11 -10 -10 -8 -------- Run | Yrd Mat Sub Mat Hostile Shots Fired 260 | . 68 91 101 Missed 89 | . 22 33 34 Hits 171 | . 46 58 67 Projectile 171 | . 46 58 67 Critical Strikes 8 | . 1 1 6 Damage Taken 2531 | . 454 478 1599 Core 744 | . 53 136 555 Absorbed by Shields . | . . . . Core Remaining (%) 62 | 100 . 24 . Volleys Fired 137 | 11 66 24 36 Largest 3 | 2 2 2 3 Hottest 129 | 90 90 98 129 Shots Fired 254 | 22 121 44 67 Gun 188 | 22 121 20 25 Cannon 52 | . . 24 28 Launcher 14 | . . . 14 Special . | . . . . Kinetic 57 | . . 24 33 Thermal 183 | 22 121 20 20 Explosive 14 | . . . 14 Electromagnetic . | . . . . Robot Hit Streak 12 | 4 12 4 10 Robot Miss Streak 7 | 2 7 2 6 Penetration Max . | . . . . Secondary Targets 4 | . 4 . . Max Gunslinging Chain 1 | . 1 . . Shots Hit Robots 143 | 12 78 13 40 Core Hits 78 | 5 33 6 34 Critical Kills . | . . . . Critical Parts Destroyed 1 | . . . 1 Critical Strikes 2 | 1 . . 1 Burn 1 | 1 . . . Destroy 1 | . . . 1 Melee Attacks 16 | . 16 . . Impact . | . . . . Slashing 16 | . 16 . . Piercing . | . . . . Sneak Attacks 1 | . 1 . . Combat Hostiles . | . . . . Follow-up Attacks . | . . . . Damage Inflicted 3160 | 142 964 241 1813 Guns 1496 | 142 905 94 355 Cannons 398 | . . 147 251 Explosions 1205 | . . . 1205 Melee 47 | . 47 . . Ramming 14 | . 12 . 2 Kinetic 528 | . . 147 381 Thermal 1366 | 142 905 94 225 Explosive 1205 | . . . 1205 Electromagnetic . | . . . . Impact . | . . . . Slashing 47 | . 47 . . Piercing . | . . . . Highest Corruption 1 | . . . 1 Average Corruption 1 | . . . 1 Corruption Purged . | . . . . Corruption Blocked . | . . . . Effects 1 | . . . 1 Matter Fused 1 | . . . 1 Overload Shots . | . . . . Overflow Damage 21 | . . . 21 Projectiles . | . . . . Explosions 21 | . . . 21 Melee . | . . . . Knockbacks 2 | . . 2 . Impact . | . . . . Kinetic 2 | . . 2 . Secondary . | . . . . Self-Inflicted Damage . | . . . . Shots . | . . . . Rammed 3 | . 3 . . Targets Rammed 4 | . 3 . 1 Kicked 1 | . . . 1 Crushed . | . . . . Highest Temperature 304 | 214 304 1 244 Average Temperature 76 | 81 70 1 98 Received Heat Transfer 792 | . 162 243 387 Effects 1 | . 1 . . Short Circuit 1 | . 1 . . Siege Activations . | . . . . Martial Activations . | . . . . Shielding Activations . | . . . . Robots Disrupted . | . . . . Combat Hostiles . | . . . . Robots Corrupted . | . . . . Combat Hostiles . | . . . . Parts Fried . | . . . . Impact Corruptions . | . . . . Robots Melted . | . . . . Combat Hostiles . | . . . . Parts Melted 4 | . 3 . 1 Heat Transferred 3231 | 434 2168 222 407 Parts Sabotaged . | . . . . Parts Stolen . | . . . . Parts Stripped . | . . . . Power Chain Reactions . | . . . . Alert | -11 -10 -10 -8 ------- Run | Yrd Mat Sub Mat Maximum Alert Level 1 | . . . 1 Low Security (%) 97 | 100 100 . 89 Level 1 2 | . . . 10 Level 2 . | . . . . Level 3 . | . . . . Level 4 . | . . . . Level 5 . | . . . . High Security . | . . . . Max Security . | . . . . Peak Influence 260 | 10 152 . 260 Initial 49 | . . . 49 Average 40 | 1 33 . 66 Influence Increases 1077 | 20 430 170 457 Destroy 0b10 Robot/C 600 | . 300 80 220 Destroy 0b10 Robot/NC 75 | 20 40 . 15 Destroy Leader 136 | . 64 . 72 Successful Hack 11 | . 11 . . Disable Machine 60 | . 15 . 45 Destroy Structure 60 | . . . 60 Lose Combat Pursuer 135 | . . 90 45 Influence Decreases 899 | 20 430 74 375 Entered New Map 47 | . . . 47 Time Decay 682 | 20 420 24 218 Lost Part 170 | . 10 50 110 Squads Dispatched 10 | . 3 . 7 Investigation 2 | . 1 . 1 Extermination . | . . . . Reinforcement 8 | . 2 . 6 Assault . | . . . . Garrison . | . . . . Intercept . | . . . . Searches Triggered . | . . . . Construction Impeded 1 | . . . 1 Haulers Reinforced . | . . . . Active Scanning Responses . | . . . . Cargo Convoy Interrupts . | . . . . Stealth | -11 -10 -10 -8 --------- Run | Yrd Mat Sub Mat Distress Signals 2 | . 2 . . Communications Jammed . | . . . . Distress Signals . | . . . . Times Spotted 60 | . 26 9 25 Peak Tracking Total 8 | . 6 6 8 Tactical Retreats 4 | . . 3 1 Traps | -11 -10 -10 -8 ------- Run | Yrd Mat Sub Mat Traps Triggered 2 | . 1 . 1 Indirectly . | . . . . Trap Hack Attempts . | . . . . Triggered . | . . . . Disarmed . | . . . . Reprogrammed . | . . . . Reused . | . . . . Traps Extracted . | . . . . Installed . | . . . . Triggered . | . . . . Machines | -11 -10 -10 -8 ---------- Run | Yrd Mat Sub Mat Machines Disabled 5 | . 1 1 3 Max in Single Turn 1 | . 1 1 1 Machines Repaired . | . . . . Machines Dismantled . | . . . . Machines Sabotaged . | . . . . Overloaded Fab Kills . | . . . . Hacking | -11 -10 -10 -8 --------- Run | Yrd Mat Sub Mat Machines Accessed 4 | . 2 . 2 Terminals 3 | . 2 . 1 Fabricators . | . . . . Repair Stations . | . . . . Recycling Units 1 | . . . 1 Scanalyzers . | . . . . Garrison Access . | . . . . Total Hacks 7 | . 2 . 5 Successful 4 | . 2 . 2 Failed 3 | . . . 3 Catastrophic . | . . . . Database Lockouts . | . . . . Manual . | . . . . Terminals 6 | . 2 . 4 Fabricators . | . . . . Repair Stations . | . . . . Recycling Units 1 | . . . 1 Scanalyzers . | . . . . Garrison Access . | . . . . Terminal Hacks 3 | . 2 . 1 Locate Traps 1 | . 1 . . Hauler Manifests 1 | . . . 1 Registered Components 1 | . 1 . . Fabricator Hacks . | . . . . Repair Station Hacks . | . . . . Recycling Unit Hacks 1 | . . . 1 Retrieve Components 1 | . . . 1 Scanalyzer . | . . . . Garrison Access Hacks . | . . . . Unauthorized Hacks . | . . . . Terminals . | . . . . Fabricators . | . . . . Repair Stations . | . . . . Recycling Units . | . . . . Scanalyzers . | . . . . Garrison Access . | . . . . Data Cores Recovered . | . . . . Used . | . . . . Hacking Detections 2 | . 1 . 1 Full Trace Events . | . . . . Feedback Events . | . . . . Feedback Blocked . | . . . . Robot Schematics Acquired . | . . . . Robots Built . | . . . . Authchips . | . . . . Time . | . . . . Total Robot Build Rating . | . . . . Part Schematics Acquired . | . . . . Parts Built . | . . . . Authchips . | . . . . Time . | . . . . Total Part Build Rating . | . . . . Part Studies Acquired . | . . . . Parts Repaired . | . . . . Time . | . . . . Parts Recycled . | . . . . Recycled Matter . | . . . . Retrieved Matter . | . . . . Retrieved Components 3 | . . . 3 Parts Scanalyzed . | . . . . Part Schematics Acquired . | . . . . Parts Damaged . | . . . . Bothacking | -11 -10 -10 -8 ------------ Run | Yrd Mat Sub Mat Used RIF Installer . | . . . . Robots Hacked . | . . . . Non-combat . | . . . . Combat . | . . . . Robot Hacks Applied . | . . . . Relay Couplers Released . | . . . . Fabnet Peak Effective % . | . . . . Robots Rewired . | . . . . Allies Hacked . | . . . . Hacks Repelled . | . . . . Allies | -11 -10 -10 -8 -------- Run | Yrd Mat Sub Mat Total Allies . | . . . . Largest Group . | . . . . Highest-Rated Group . | . . . . Highest-Rated Ally . | . . . . Total Orders . | . . . . Ally Attacks . | . . . . Total Damage . | . . . . Kills . | . . . . Allies Corrupted . | . . . . Allies Melted . | . . . . Intel | -11 -10 -10 -8 ------- Run | Yrd Mat Sub Mat Active Infowar (turns) 2457 | 16 1300 442 699 Sensors 21 | . . . 21 Seismic 1758 | 16 1300 442 . Machine Analysis 678 | . . . 678 Robot Analysis Total . | . . . . Derelict Logs Recovered 1 | . . 1 . Drone Launches . | . . . . Drone Recoveries . | . . . . Exploration | -11 -10 -10 -8 ------------- Run | Yrd Mat Sub Mat Turns Passed 3151 | 136 1845 453 717 Spaces Moved 1530 | 59 846 239 386 Core 13 | 2 . . 11 Treads 1120 | 57 846 217 . Legs 84 | . . . 84 Wheels 281 | . . 22 259 Hover 28 | . . . 28 Flight 4 | . . . 4 Fastest Speed 50 | 50 160 105 50 Average Speed 154 | 156 160 155 142 Slowest Speed 455 | 160 160 160 455 Overloaded Moves . | . . . . Propulsion Burnouts . | . . . . Robots Hopped . | . . . . Potential Cave-ins . | . . . . Cave-ins Triggered 1 | . . . 1 Exploration Rate (%) 37 | 5 92 23 29 Regions Visited 3 Branch Regions 1 Pre-discovered Areas . | . . . . Known Exits Taken . | . . . . Unknown Exits Taken 3 | 1 1 1 . Scrap Searched . | . . . . Spaces Dug 2 | . 2 . . Terrain Destroyed 83 | . 2 . 81 Melee 2 | . 2 . . Projectile 1 | . . . 1 AOE 80 | . . . 80 Terrain Rammed . | . . . . Walls Destroyed . | . . . . Machines Disabled . | . . . . Actions | -11 -10 -10 -8 --------- Run | Yrd Mat Sub Mat Total 2019 | 77 1181 279 482 Wait 263 | . 229 6 28 Move 1527 | 58 845 238 386 Hop . | . . . . Pick Up 21 | 1 13 2 5 Fast Attach 18 | 7 2 1 8 Attach 8 | . . 1 7 Detach 4 | . 1 . 3 Swap 9 | . 4 1 4 Drop 12 | . 2 6 4 Fire 137 | 11 66 24 36 Melee 16 | . 16 . . Ram . | . . . . Kick 1 | . . . 1 Crush 3 | . 3 . . Escape Stasis . | . . . . Rewire . | . . . . Trap . | . . . . Miscellaneous . | . . . . Route ------- -11/Scrapyard -10/Materials (discovered 5 exits: [*Mat x3] / [*Min] / [*Sub]) -10/Subcaves (discovered 2 exits: *Mat / [*Rec]) -8/Materials History --------- Turn | Location | Event 83 | -11/Scrapyard | Discovered new exit (range 13) 137 | -11/Scrapyard | Entered Materials 154 | -10/Materials | Discovered new exit (range 16) 318 | -10/Materials | Build established: Mutant 456 | -10/Materials | Discovered new exit (range 13) 676 | -10/Materials | Discovered new exit (range 8) 1095 | -10/Materials | Discovered new exit (range 13) 1893 | -10/Materials | Discovered new exit (range 11) 1982 | -10/Materials | Entered Subcaves 2028 | -10/Subcaves | Shifting Twisted Machinery released Mak. Kinetic Plating 2044 | -10/Subcaves | Shifting Twisted Machinery released Battle Cannon 2047 | -10/Subcaves | Shifting Twisted Machinery released Mak. System Restoration Module 2060 | -10/Subcaves | A swath of the cavern ceiling suddenly collapsed 2232 | -10/Subcaves | Visited 4L-MR0's lab 2243 | -10/Subcaves | Found Prototype Special Melee Weapon 2263 | -10/Subcaves | Found Prototype Processor 2327 | -10/Subcaves | Shifting Twisted Machinery released Battle Rifle 2375 | -10/Subcaves | Discovered new exit (range 5) 2412 | -10/Subcaves | Discovered new exit (range 16) 2413 | -10/Subcaves | Core integrity fell below 50% 2435 | -10/Subcaves | Entered Materials 2435 | -8/Materials | Evolved 4 slots: Propulsion x1, Utility x2, Weapon x1 2441 | -8/Materials | Identified Rainbow Chip 2442 | -8/Materials | Attached Rainbow Chip, gained temporary slots: Power, Propulsion, Utility, Weapon 2455 | -8/Materials | Lost 5 parts (1p2n1u1w) 2813 | -8/Materials | Lost 3 parts (1p1n1w) 3031 | -8/Materials | Lost 4 parts (2u2w) 3095 | -8/Materials | Crushed by falling debris 3095 | -8/Materials | Core integrity fell below 50% 3147 | -8/Materials | Core integrity fell below 20% 3152 | -8/Materials | Destroyed by G-47 Trooper with Particle Gun Last Messages --------------- 03101_ U-05 Engineer builds a Door. 03104_ U-05 Engineer lays Concrete. 03105_ U-05 Engineer builds a Wall. 03106_ K-01 Serf collects debris. 03106_ U-05 Engineer lays Concrete. 03108_ U-05 Engineer builds a Wall. 03111_ The unstable cave ceiling collapses. 03112_ U-05 Engineer lays Concrete. 03118_ Acquired Airjet. 03127_ Dropped Broken Sub. Monowheel. 03128_ U-05 Engineer lays Concrete. 03133_ Missile Launcher destroyed. 03137_ System corrupted: Matter fused (-5). 03139_ Slug penetrates Wall. 03141_ Airjet destroyed. 03142_ Slug penetrates Wall. 03142_ Discarded Machine Analyzer. 03143_ Dropped Lrg. Storage Unit. 03145_ Slug penetrates Wall. 03146_ Airjet destroyed. Map ----- +----------------------------------------------------+ | | | | | | | | | | | | | | | | | | | | | | | | | | | | | | | ???????????????????###???????????????????????????? | | ?????????????????? !??????????????????????????? | | ????????????????? ?????????????????????????? | | ?????????????????""" """?????????????????????????? | | ??????????????????"" ""??????????????????????????? | | ??????????????????"" ""??????????????????????????? | | ??????????????????? ???????????????????????????? | | ??????????????????? ?????????????? ?????????? | | ??????????##########+########### ????????? | | ??????????# ????????? | | ??????????# g @ w ????????? | | ??????????# g u a #???????????? | | ??????????# g ###########/###???????????? | | ??????????# g #?????????????????????????? | | ??????"""?# a ########?????????????????????????? | | ??????"""?# #????????????????????????????????? | | ??????"""?# #????????????????????????????????? | | ??"""?????# !!/ #????????????????????????????????? | | ??"T??????# !!! #????????????????????????????????? | | ??"""?????+ *| " ???????????????????????????????? | | ??????????# # ??????????????????????????????? | | ??????????# # ?????????????????????????????? | | ?????????## #####????????????????????????????? | | ?????????# #???????????????????????????????? | | ?????????# #???????????????????????????????? | | ?????????# #???????????????????"""?????????? | | ?????????+ #???????????????????"""?????????? | | ?????????# #???????????????????"""?????????? | | ?????????# #???????????????????????????????? | | ?????????# #???????????????????????????????? | | ????######## #####?????????????????????????????? | | ????# # # #########?????????????????????? | | ????# != + # #?????????????????????? | | ????# != # # """" #?????????????????????? | | ????# ==== # # """" #?????????????????????? | +----------------------------------------------------+ Best States ------------- Heat Dissipation 31 Energy Generation 14 Energy Capacity 275 Matter Stores 300 Matter Capacity 300 Sight Range 16 Robot Scan Range 14 Terrain Scan Density 10 Evasion (%) 54 Recoil Reduction 2 Offensive Hacking 10 Item Schematics ----------------- None Robot Schematics ------------------ None Fabricated ------------ Nothing Repaired ---------- Nothing Studied --------- None Alien Tech Used ----------------- None Achievements -------------- None Challenges ------------ None Game ------ Seed MeleeMicroFist Manual? 0 Play Time 00:16:03 Cumulative 169.2 hours Start 2026.05.03 @ 21:27:36 End 2026.05.03 @ 21:42:35 Sessions 1 Manual Loads 0 Difficulty Rogue Special Mode None Game No. 266 Rogue 266 Adventurer 0 Explorer 0 Win Type - Total 1 Types 1/0/0/0/0/0/0/0/0/0 Lore% 59 Gallery% 57 Achievement% 44 Wizard Run 0 Options --------- Layout 1 ASCII 0 Keyboard 1 Movement Arrows Keybinds 0 Fullscreen 1 Font 24/Smallcaps Map View 50x35 Zoom Use 0% Tactical HUD 1 Map Filters NONE Filters NONE Steam 1 RUN: cb841113-8c0f-4a20-8893-bcb947fa7560